Map: Ley Lines

Players

wootwoot - Winner!

  • Race: Protoss Protoss
  • League: Platinum
  • Spawn Location: 1:00

hayai

  • Race: Terran Terran
  • Spawn Location: 7:00

VOD

Have the link to the VOD?

Description

Time

  • Played on: April 21, 2025, 4:15 p.m.
  • Length: 4:13
Show
View Real Time Build Order
Export as new Build Order

wootwoot Protoss - Winner!

Build Orders:  

Get SALT Encoding   

  12  0:01  Probe  
  13  0:13  Probe  
  14  0:19  Pylon  
  14  0:25  Probe  
  15  0:38  Gateway  
  15  0:42  Assimilator  
  15  0:49  Pylon  
  15  1:07  Gateway  
  15  1:13  Gateway  
  15  1:28  Cybernetics Core  
  15  1:37  Probe  
  16  1:49  Probe  
  16  1:53  Stalker x2  
  21  2:19  Stalker x2  
  25  2:31  Probe  
  26  2:43  Probe  
  27  2:52  Assimilator  
  27  2:56  Probe  
  28  3:04  Stalker  
  26  3:08  Probe  
  29  3:13  Stalker  
  31  3:27  Pylon  
  31  3:31  Pylon  
  31  3:44  Stargate  
  31  3:45  Probe  
  32  3:57  Probe  
Show
View Real Time Build Order
Export as new Build Order

hayai Terran 

Build Orders:  

Get SALT Encoding   

  12  0:00  SCV  
  13  0:12  SCV  
  14  0:18  Supply Depot  
  14  0:24  SCV  
  15  0:40  SCV  
  15  0:41  Barracks  
  16  0:47  Refinery  
  16  0:53  Refinery  
  16  0:58  SCV  
  17  1:10  SCV  
  18  1:29  Supply Depot, SCV  
  18  1:30  Marine  
  20  1:41  SCV  
  21  1:48  Marine  
  21  1:53  SCV, Factory  
  23  1:58  Bunker  
  23  2:05  SCV  
  23  2:06  Marine  
  25  2:16  Bunker  
  25  2:23  Orbital Command  
  25  2:24  Marine  
  25  2:27  Refinery  
  25  2:42  Marine  
  24  2:52  SCV  
  24  2:53  Factory Tech Lab  
  25  2:59  Marine  
  25  3:00  Barracks  
  25  3:04  SCV  
  27  3:12  Bunker  
  25  3:17  Marine  
  24  3:49  Supply Depot  
Tags
 
League
Platinum
Matchup
PvT
Replay Pack
#1B2M-Replays
Spawn Locations
Cross Positions
Add a new tag
Caveats
  • Supply blocks, unpowered buildings, or Contaminate may cause inaccurate times.
  • Supply counts are checked every 10 seconds.